Map: Galactic Process LE

Players

Cyan

  • Race: Protoss Protoss

Kelazhur - Winner!

  • Race: Terran Terran

Event: WCS Copa Intercontinental

VOD

Have the link to the VOD?

Description

Time

  • Played on: Sept. 10, 2016, 12:45 p.m.
  • Length: 11:12

All games in this series

Show
View Real Time Build Order
Export as new Build Order

Cyan Protoss 

Build Orders:  

Get SALT Encoding   

  12  0:01  Probe (Chrono Boost)  
  13  0:11  Probe (Chrono Boost)  
  14  0:18  Pylon  
  14  0:22  Probe (Chrono Boost)  
  15  0:36  Probe (Chrono Boost), Gateway  
  15  0:42  Assimilator  
  16  0:47  Probe (Chrono Boost)  
  17  0:50  Assimilator  
  17  0:57  Probe (Chrono Boost)  
  18  1:08  Probe (Chrono Boost)  
  18  1:09  Gateway  
  20  1:18  Probe (Chrono Boost)  
  20  1:23  Cybernetics Core  
  20  1:29  Probe (Chrono Boost)  
  21  1:33  Pylon  
  21  1:39  Probe (Chrono Boost)  
  22  1:50  Probe (Chrono Boost)  
  23  1:59  Warp Gate, Stalker, Adept  
  27  2:05  Mothership Core (Chrono Boost)  
  29  2:13  Pylon  
  25  2:23  Probe (Chrono Boost)  
  25  2:28  Stalker  
  28  2:34  Probe (Chrono Boost)  
  29  2:43  Pylon  
  29  2:47  Probe (Chrono Boost)  
  30  2:57  Robotics Facility  
  30  2:59  Probe (Chrono Boost)  
  31  3:11  Probe (Chrono Boost)  
  32  3:23  Probe (Chrono Boost)  
  33  3:38  Probe (Chrono Boost)  
  34  3:41  Nexus  
  34  3:49  Probe (Chrono Boost)  
  34  3:53  Observer  
  36  3:57  Pylon  
  36  4:05  Stalker  
  36  4:06  Pylon  
  36  4:10  Stalker  
  33  4:30  Probe (Chrono Boost)  
  33  4:41  Probe (Chrono Boost)  
  34  4:46  Observer  
  34  4:51  Probe (Chrono Boost)  
  36  4:54  Probe (Chrono Boost)  
  36  4:56  Sentry  
  39  5:01  Sentry  
  39  5:02  Probe (Chrono Boost)  
  39  5:04  Probe (Chrono Boost)  
  43  5:12  Observer, Probe (Chrono Boost)  
  45  5:15  Probe (Chrono Boost)  
  46  5:23  Probe (Chrono Boost)  
  46  5:25  Probe (Chrono Boost)  
  48  5:34  Probe (Chrono Boost)  
  48  5:35  Twilight Council  
  49  5:36  Probe (Chrono Boost)  
  50  5:43  Immortal  
  50  5:45  Probe (Chrono Boost)  
  50  5:46  Probe (Chrono Boost)  
  58  5:57  Probe x2 (Chrono Boost)  
  58  6:04  Stalker  
  58  6:07  Probe (Chrono Boost)  
  58  6:09  Probe (Chrono Boost)  
  61  6:21  Pylon  
  61  6:22  Stalker  
  62  6:29  Blink  
  62  6:30  Stalker, Probe (Chrono Boost)  
  62  6:32  Probe (Chrono Boost)  
  59  6:42  Probe (Chrono Boost)  
  59  6:43  Warp Prism  
  59  6:44  Probe (Chrono Boost)  
  64  6:55  Probe (Chrono Boost)  
  64  6:56  Probe (Chrono Boost)  
  65  7:03  Gateway  
  65  7:05  Assimilator  
  65  7:09  Gateway  
  65  7:12  Gateway  
  64  7:17  Probe (Chrono Boost)  
  64  7:19  Sentry, Probe (Chrono Boost)  
  64  7:21  Assimilator  
  68  7:29  Probe (Chrono Boost)  
  69  7:32  Pylon  
  69  7:37  Pylon  
  69  7:45  Immortal  
  69  7:49  Gateway  
  73  7:51  Gateway  
  73  7:53  Gateway  
  73  7:57  Pylon  
  73  8:03  Probe (Chrono Boost)  
  73  8:05  Pylon  
  74  8:06  Sentry  
  74  8:10  Stalker  
  74  8:12  Sentry  
  80  8:17  Stalker  
  80  8:19  Stalker  
  84  8:25  Observer  
  84  8:30  Resonating Glaives  
  84  8:32  Stalker  
  84  8:33  Stalker  
  89  8:35  Stalker  
  91  8:42  Stalker  
  93  8:57  Stalker x4  
  93  9:02  Pylon  
  101  9:05  Pylon  
  99  9:16  Adept x2  
  101  9:22  Adept  
  101  9:23  Adept x2  
  107  9:32  Adept x2  
  107  9:35  Warp Prism  
  73  9:54  Adept x3  
  73  9:55  Adept  
  81  10:00  Adept  
  81  10:04  Adept  
  85  10:08  Adept  
  85  10:10  Sentry  
  89  10:17  Adept x2  
  89  10:20  Adept  
  95  10:34  Adept x2  
  95  10:35  Adept  
  101  10:37  Adept  
  87  10:52  Adept x3  
Show
View Real Time Build Order
Export as new Build Order

Kelazhur Terran - Winner!

Build Orders: Cyclone Opening, MMM Bio 

Get SALT Encoding   

  12  0:00  SCV  
  13  0:13  SCV  
  14  0:18  Supply Depot  
  14  0:25  SCV  
  15  0:39  SCV  
  15  0:41  Barracks  
  16  0:46  Refinery  
  16  0:51  SCV  
  16  0:56  Refinery  
  17  1:03  SCV  
  18  1:15  SCV  
  19  1:28  Reaper, Orbital Command  
  19  1:32  Supply Depot  
  20  1:44  Factory  
  20  1:55  SCV  
  20  2:00  Reaper  
  22  2:14  SCV  
  23  2:29  SCV  
  24  2:31  Starport  
  24  2:32  Supply Depot, Factory Tech Lab  
  24  2:43  SCV  
  25  2:50  Barracks  
  25  2:51  Liberator  
  25  2:52  Cyclone  
  25  2:56  SCV  
  30  3:04  Supply Depot  
  30  3:12  SCV  
  34  3:24  SCV  
  34  3:25  Factory Tech Lab  
  35  3:40  Marine  
  36  3:46  Cyclone  
  36  3:48  Supply Depot  
  39  3:49  Supply Depot  
  39  4:06  Bunker  
  39  4:07  Supply Depot  
  39  4:09  SCV  
  40  4:12  Liberator  
  40  4:19  Factory Tech Lab  
  40  4:21  SCV  
  44  4:34  SCV  
  43  4:40  Command Center  
  43  4:52  Barracks Tech Lab, Barracks Reactor  
  43  4:53  SCV  
  44  5:03  Siege Tank  
  47  5:07  SCV  
  51  5:19  Stimpack  
  51  5:20  Marine  
  51  5:21  SCV  
  50  5:24  Engineering Bay  
  50  5:33  Marine x2  
  50  5:35  SCV  
  53  5:37  Marine  
  54  5:43  Command Center  
  54  5:47  SCV  
  55  5:50  Marine x2  
  55  5:52  Terran Infantry Weapons Level 1  
  55  5:55  Marine  
  58  5:59  SCV  
  60  6:11  SCV  
  60  6:17  Marine x3  
  60  6:18  Siege Tank  
  63  6:19  Orbital Command  
  63  6:23  SCV  
  60  6:35  SCV, Marine x2  
  60  6:40  Marine  
  60  6:41  Starport Reactor  
  60  6:42  Bunker  
  60  6:45  SCV  
  62  6:47  SCV  
  62  6:52  Marine  
  62  6:53  Marine  
  65  6:55  Barracks, Missile Turret  
  65  6:57  Orbital Command  
  65  6:58  Marine  
  65  6:59  SCV  
  67  7:01  SCV  
  68  7:10  Marine x2  
  68  7:11  SCV  
  68  7:13  SCV  
  68  7:15  Orbital Command  
  72  7:16  Supply Depot, Marine  
  72  7:20  Medivac  
  72  7:21  Medivac  
  77  7:23  Refinery  
  77  7:24  SCV, Refinery  
  77  7:25  SCV  
  77  7:28  Marine, Combat Shields  
  80  7:30  Marine  
  80  7:36  SCV  
  82  7:38  Missile Turret, Siege Tank  
  82  7:43  SCV  
  86  7:46  Barracks Tech Lab  
  86  7:47  SCV  
  87  7:54  Marine x2, Marauder  
  87  7:55  Medivac  
  87  7:56  Medivac  
  95  8:00  SCV x2  
  95  8:02  SCV  
  95  8:05  Marauder  
  100  8:06  Concussive Shells  
  100  8:12  SCV  
  101  8:19  SCV, Supply Depot x2, Marine x2  
  104  8:21  SCV  
  105  8:31  SCV  
  105  8:32  Marauder x2  
  109  8:35  Barracks  
  109  8:38  Barracks  
  109  8:40  SCV  
  110  8:44  Marine x2  
  112  8:48  Medivac x2  
  112  8:49  Siege Tank  
  112  8:52  SCV  
  112  8:53  Terran Infantry Armor Level 1  
  112  8:55  Marauder  
  122  8:56  SCV  
  122  8:57  SCV  
  124  9:04  Marine  
  124  9:09  Supply Depot x2  
  125  9:12  Marine, Marauder, Refinery  
  125  9:13  Liberator x2  
  123  9:21  Marauder  
  131  9:32  Barracks Tech Lab  
  131  9:34  Marauder  
  133  9:43  Marauder  
  125  9:47  Marine x2  
  125  9:49  Siege Tank  
  125  9:51  Marine, Marauder  
  123  9:55  Marauder  
  123  9:56  SCV x2, Refinery  
  127  10:05  Marine x2, Marauder  
  130  10:09  Barracks x3, Liberator  
  130  10:11  Armory, Barracks Reactor  
  130  10:13  Marauder  
  130  10:14  Engineering Bay  
  132  10:17  Marauder  
  134  10:25  Marine x2  
  138  10:31  Marauder  
  138  10:33  Factory Reactor  
  140  10:42  Marauder  
  141  10:43  Marine  
  141  10:47  Marauder  
  135  10:50  Marine  
  135  10:53  Marine x2  
Tags
 
Add a new tag
Caveats
  • Supply blocks, unpowered buildings, or Contaminate may cause inaccurate times.
  • Supply counts are checked every 10 seconds.